AoeStats
← mathdevils

Black Forest

507869113Analyzed
4v4 RM · 12d ago on Sep 20, 2026· 50m 36s· 8 players
Game mode
Random Map
Map size
Large (8 player)
Population
200
Speed
Normal
Resources
Standard
Victory
Conquest
Starting age
Dark Age
Ending age
Imperial Age
RankedLock teamsTeams togetherTeam positionsShared explorationLock speedFull tech treeHidden civsTurbo modeCheats
Victory
Defeat
🇺🇸 Celts · United States
869
+13
🇺🇸 Lithuanians · United States
850
+14
🇺🇸 Khmer · United States
821
+15
🇺🇸 Romans · United States
805
+15
🇨🇦 Bohemians · Canada
824
-16
🇨🇦 Franks · Canada
806
-15
🇨🇦 Burgundians · Canada
775
-13
🇨🇱 Mapuche · Chile
773
-13
mouche Qc
12:56 Feudal Age
13:54 Double-Bit Axe
19:25 Castle Age
18:22 Horse Collar
21:01 Bow Saw
27:36 Wheelbarrow
32:53 Imperial Age
30:54 Heavy Plow
33:01 Chemistry
32:22 Ballistics
33:01 Caravan
33:16 Pikeman
33:57 Squires
34:11 Forging
34:01 Scale Mail Armor
34:24 Halberdier
36:55 Iron Casting
36:36 Chain Mail Armor
38:46 Two-Man Saw
39:19 Siege Engineers
39:37 Conscription
39:21 Capped Ram
41:19 Houfnice
45:57 Town Watch
46:27 Hand Cart
mathdevils
0:29 Loom
14:23 Feudal Age
24:14 Castle Age
23:46 Forging
25:42 Coinage
25:16 Caravan
25:57 Coinage
28:04 Fervor
29:47 Masonry
29:58 Ballistics
29:29 Elite Skirmisher
30:51 Husbandry
33:44 Town Watch
35:51 Fortified Wall
35:36 Murder Holes
38:22 Wheelbarrow
39:57 Hand Cart
42:27 Imperial Age
40:38 Gold Mining
40:39 Stone Mining
40:39 Double-Bit Axe
41:40 Iron Casting
41:16 Scale Barding Armor
42:28 Cavalier
43:12 Chivalry
43:33 Conscription
44:46 Chemistry
44:48 Paladin
48:21 Squires
47:41 Pikeman
Tu odio me fortalece
0:27 Loom
13:07 Feudal Age
14:28 Double-Bit Axe
14:30 Horse Collar
14:13 Champi Runner
14:39 Arson
15:13 Gold Mining
19:06 Stone Mining
24:19 Castle Age
22:33 Fishing Lines
26:19 Wheelbarrow
25:29 Town Watch
27:07 Bow Saw
27:19 Heavy Plow
28:21 Gold Shaft Mining
27:12 Pikeman
28:30 Stone Shaft Mining
28:22 Caravan
28:52 Scale Mail Armor
29:27 Champi Warrior
31:02 Treadmill Crane
31:37 Gillnets
33:53 Hand Cart
34:56 Town Patrol
39:08 Imperial Age
38:14 Malon
39:09 Ballistics
38:44 Murder Holes
41:08 Chemistry
40:18 Masonry
40:34 Conscription
39:46 Elite Kona
40:56 Onager
41:09 Elite Champi Warrior
42:48 Crop Rotation
41:43 Halberdier
43:07 Forging
43:13 Chain Mail Armor
42:58 Padded Archer Armor
42:49 Fletching
44:10 Hoardings
43:57 Butalmapu
44:04 Elite Bolas Rider
46:21 Bombard Tower
46:32 Architecture
46:08 Siege Engineers
45:49 Arrowslits
46:59 Iron Casting
46:55 Plate Mail Armor
Sory Krank
6:52 Double-Bit Axe
9:36 Horse Collar
13:29 Feudal Age
17:51 Bow Saw
17:44 Heavy Plow
22:16 Castle Age
20:44 Gold Mining
20:49 Stone Mining
24:20 Husbandry
23:40 Cavalier
25:54 Stone Shaft Mining
25:55 Gold Shaft Mining
25:29 Scale Barding Armor
32:39 Chain Barding Armor
32:19 Scale Mail Armor
32:30 Forging
32:15 Pikeman
32:56 Squires
38:01 Imperial Age
35:50 Chain Mail Armor
36:11 Iron Casting
35:37 Padded Archer Armor
35:27 Fletching
37:02 Wheelbarrow
37:42 Two-Man Saw
37:17 Crop Rotation
39:54 Paladin
42:23 Elite Skirmisher
42:33 Halberdier
44:30 Plate Mail Armor
45:01 Blast Furnace
44:37 Plate Barding Armor
44:33 Ballistics
45:16 Chemistry
46:31 Leather Archer Armor
46:11 Bodkin Arrow
jtm4518
3:21 Loom
13:09 Feudal Age
13:36 Double-Bit Axe
13:36 Horse Collar
16:56 Wheelbarrow
20:35 Castle Age
20:03 Fletching
20:14 Scale Mail Armor
20:56 Gold Mining
20:58 Stone Mining
20:59 Fishing Lines
22:18 Bow Saw
22:11 Heavy Plow
26:06 Gold Shaft Mining
27:36 Pikeman
30:22 Forging
30:29 Chain Mail Armor
32:59 Iron Casting
32:20 Bodkin Arrow
36:42 Imperial Age
35:11 Arson
37:25 Hand Cart
38:05 Conscription
37:09 Onager
39:25 Furor Celtica
40:02 Stone Shaft Mining
40:19 Halberdier
42:02 Blast Furnace
41:33 Plate Mail Armor
43:55 Fortified Wall
43:56 Masonry
47:00 Elite Woad Raider
49:10 Padded Archer Armor
Axmanderson
8:15 Loom
11:10 Feudal Age
12:23 Double-Bit Axe
18:18 Castle Age
17:56 Horse Collar
26:25 Wheelbarrow
29:23 Bloodlines
29:45 Husbandry
32:28 Imperial Age
30:52 Forging
30:48 Scale Barding Armor
34:09 Cavalier
35:36 Chain Barding Armor
35:52 Iron Casting
36:03 Bow Saw
37:14 Conscription
37:01 Gold Mining
39:10 Plate Barding Armor
40:00 Hand Cart
42:55 Paladin
48:18 Ballistics
47:55 Murder Holes
Sherry8487
9:18 Loom
12:40 Feudal Age
15:48 Double-Bit Axe
20:09 Castle Age
19:14 Horse Collar
26:05 Wheelbarrow
28:23 Forging
29:16 Scale Mail Armor
29:39 Squires
29:02 Pikeman
33:14 Iron Casting
35:03 Hand Cart
34:37 Town Watch
38:03 Imperial Age
36:21 Fortified Wall
37:34 Man-at-Arms
38:37 Chain Mail Armor
38:11 Heavy Scorpion
38:33 Long Swordsman
40:19 Blast Furnace
39:58 Conscription
39:48 Ballistas
41:53 Murder Holes
43:44 Ballistics
43:11 Legionary
44:15 Bow Saw
44:06 Halberdier
Palpatine3209
14:43 Feudal Age
16:04 Wheelbarrow
15:51 Double-Bit Axe
19:27 Horse Collar
23:21 Castle Age
22:14 Gold Mining
22:15 Stone Mining
24:13 Bow Saw
24:22 Heavy Plow
26:01 Stone Shaft Mining
36:16 Hand Cart
38:18 Loom
39:51 Gold Shaft Mining
41:27 Husbandry
41:38 Bloodlines
40:50 Light Cavalry
45:35 Imperial Age
45:37 Hussar
Connection lost

Rejoining the realm…

Still unreachable

The connection could not be restored.

Session expired

The server has moved on; the page needs a fresh start.